 Dungeon Crawl Stone Soup version 0.30-a0-743-gbfdf073431 (webtiles) character file.

Game seed: 2521037809548110182

1393 Bnni the Skirmisher (level 8, 0/48 HPs)
             Began as a Deep Elf Hunter on Feb 6, 2023.
             Slain by an iron imp (6 damage)
             ... summoned by a kobold demonologist
             ... on level 5 of the Dungeon.
             The game lasted 00:08:14 (3974 turns).

Bnni the Skirmisher (Deep Elf Hunter)               Turns: 3974, Time: 00:08:15

Health: 0/48       AC:  6    Str:  8      XL:     8   Next: 41%
Magic:  19/19      EV: 11    Int: 15      God:
Gold:   113        SH:  0    Dex: 19 (20) Spells: 7/7 levels left

rFire   . . .      SeeInvis .    w - +0 arbalest
rCold   . . .      Faith    .    (shield currently unavailable)
rNeg    . . .      Spirit   .    d - +3 ring mail
rPois   .          Reflect  .    h - +1 hat
rElec   .          Harm     .    y - +0 cloak
rCorr   .          Rampage  .    o - +1 pair of gloves
Will    .....                    m - +0 pair of boots
Stlth   +                        (no amulet)
HPRegen 0.28/turn                p - ring of magical power
MPRegen 0.16/turn                (no ring)

@: lethally poisoned (0 -> -14), corroded
A: no striking features
a: no special abilities


You were on level 5 of the Dungeon.
You visited 1 branch of the dungeon, and saw 5 of its levels.

You collected 183 gold pieces.
You spent 70 gold pieces at shops.

Inventory:

Hand Weapons
 a - a +0 shortbow
 w - a +0 arbalest (weapon)
Missiles
 v - 2 throwing nets
Armour
 d - a +3 ring mail (worn)
 h - a +1 hat (worn)
 m - a +0 pair of boots (worn)
 o - a +1 pair of gloves (worn)
 y - a +0 cloak (worn)
Jewellery
 p - a ring of magical power (left hand)
 u - a ring of fire
Scrolls
 b - 2 scrolls of immolation
 f - 2 scrolls of fear {unknown}
 g - 4 scrolls of identify {unknown}
 i - 2 scrolls of summoning {unknown}
 l - a scroll of magic mapping {unknown}
 n - a scroll of amnesia {unknown}
 q - a scroll of fog {unknown}
 s - a scroll of teleportation {unknown}
 x - a scroll of enchant weapon {unknown}
Potions
 c - a potion of magic {unknown}
 e - a potion of brilliance {unknown}
 j - 2 potions of mutation {unknown}
 k - 2 potions of curing
 r - 2 potions of flight {unknown}
 t - a potion of might {unknown}
 z - a potion of attraction {unknown}


   Skills:
 + Level 4.8 Fighting
 * Level 11.5 Ranged Weapons
 * Level 3.0 Armour
 - Level 2.4 Dodging
 - Level 1.2 Stealth


You had 7 spell levels left.
You didn't know any spells.
Your spell library contained the following spells:

 Spells                   Type           Power      Damage    Failure   Level
 Beastly Appendage        Tmut           0%         N/A       61%         1
 Wereblood                Tmut           0%         N/A       75%         2
 Spider Form              Tmut/Pois      0%         N/A       93%         3


Dungeon Overview and Level Annotations

Branches:
Dungeon (5/15)
 Temple: D:4-7

Altars:
Uskayaw

Shops:
D:2 *


Message History

The quasit claws you but does no damage.
The iron imp hits you but does no damage.
The rust devil hits you. The rust devil corrodes you!
The ufetubus hits you but does no damage. x2
The orange demon stings you from afar.
You are lethally poisoned!
The orange demon poisons you!
Fire: w) +0 arbalest
Press: ? - help, Shift-Dir - straight line, f/p - kobold demonologist
Aim: a kobold demonologist, wielding a +0 dagger and wearing a +0 robe (moderately wounded, 54% to hit)
You shoot a bolt. The bolt barely misses the ufetubus.
The bolt barely misses the kobold demonologist.
You feel extremely sick.
The quasit bites you but does no damage.
The quasit claws you. The quasit closely misses you.
The ufetubus hits you but does no damage.
The ufetubus misses you.
The kobold demonologist casts a spell.
The rust devil hits you. The rust devil corrodes you!
The iron imp closely misses you.
The quasit bites you but does no damage.
The quasit closely misses you. x2; The ufetubus hits you.
* * * LOW HITPOINT WARNING * * *
The ufetubus barely misses you. The orange demon stings you from afar.
* * * LOW HITPOINT WARNING * * *
The rust devil closely misses you.
You aren't carrying any items that you can evoke.
Okay, then.
Fire: w) +0 arbalest
Press: ? - help, Shift-Dir - straight line, f/p - kobold demonologist
Aim: a kobold demonologist, wielding a +0 dagger and wearing a +0 robe (moderately wounded, 54% to hit)
You shoot a bolt. The bolt hits the ufetubus!!
You kill the ufetubus!
The ufetubus disappears in a puff of smoke!
* * * LOW HITPOINT WARNING * * *
You feel very sick.
The quasit bites you but does no damage.
The quasit claws you but does no damage.
The quasit barely misses you. The iron imp hits you.
You die...

###.............. #
#.....##......... .# .
......##...... .. .## .
.###.......... ...## ##
##...........### .... .##.
.........##..#.## .4.# ....
................##4..# ....
##...............§K# #...
#..##.....####..@5# .. ##..
....#..#..# #...54## #...##...
...###.##.####.#...##. #...#....
...#.#..#..#..........####.#.....
...............####....#.......##
..#......###...#.#..##......>...#
..#..#...##......##..............
.....##...........#.............#
................................#


You could see 2 orange demons, a rust devil (summoned), a kobold demonologist,
an iron imp (summoned) and a quasit (summoned).

Vanquished Creatures
  Menkaure (D:4)
  Edmund (D:5)
  An orc warrior (D:5)
  An ice beast (D:5)
  2 ogres
  A phantom (D:3)
  2 gnoll sergeants
  2 scorpions
  7 hounds
  A gnoll bouda (D:5)
  Crazy Yiuf (D:4)
  An iguana (D:5)
  The ghost of M4edhros the Insei, a weakling OpTm (D:3)
  11 gnolls
  3 adders
  A hound simulacrum (D:3)
  A shadow imp (D:5)
  A white imp (D:3)
  2 dart slugs
  2 adder simulacra (D:3)
  An orc (D:3)
  2 bats
  5 endoplasms
  A giant cockroach (D:3)
  4 goblins
  3 quokkas
  A ball python (D:3)
  2 frilled lizards
  A giant cockroach simulacrum (D:3)
  2 kobolds (D:4)
  3 rats
68 creatures vanquished.

Notes
Turn   | Place    | Note
-------+----------+-------------------------------------------
     0 | D:1      | Bnni the Deep Elf Hunter began the quest for the Orb.
     0 | D:1      | Reached XP level 1. HP: 12/12 MP: 3/3
   476 | D:2      | Identified the +0 chain mail "Hijuiti" {Str+4 Dex+3 SInv}
   490 | D:2      | Reached XP level 2. HP: 17/17 MP: 4/4
   700 | D:2      | Reached skill level 6 in Ranged Weapons
   830 | D:2      | Reached XP level 3. HP: 15/21 MP: 5/5
   913 | D:2      | Found Hebeqot's General Store.
  1251 | D:2      | Bought a potion of heal wounds for 70 gold pieces
  1340 | D:3      | Found a hide-covered altar of Uskayaw.
  1469 | D:3      | Noticed M4edhros's ghost (weakling OpTm)
  1572 | D:3      | Found a runed translucent gate.
  1572 | D:3      | Found a runed translucent gate.
  1576 | D:3      | Found a runed translucent gate.
  2008 | D:3      | Killed M4edhros's ghost
  2011 | D:3      | Reached XP level 4. HP: 13/27 MP: 6/6
  2075 | D:3      | Reached skill level 7 in Ranged Weapons
  2141 | D:4      | Noticed a phantom
  2142 | D:4      | Noticed a gnoll sergeant
  2169 | D:3      | Killed a phantom
  2170 | D:3      | Reached XP level 5. HP: 26/32 MP: 7/7
  2336 | D:4      | Reached skill level 8 in Ranged Weapons
  2403 | D:4      | Noticed Menkaure
  2406 | D:4      | Killed Menkaure
  2407 | D:4      | Reached skill level 9 in Ranged Weapons
  2407 | D:4      | Reached XP level 6. HP: 21/37 MP: 8/8
  2663 | D:4      | Found a runed translucent door.
  2664 | D:4      | Noticed Crazy Yiuf
  2811 | D:4      | Reached XP level 7. HP: 41/42 MP: 9/9
  2913 | D:4      | Killed Crazy Yiuf
  2964 | D:5      | Entered Level 5 of the Dungeon
  3176 | D:5      | Reached skill level 10 in Ranged Weapons
  3496 | D:5      | Noticed Edmund
  3499 | D:5      | Reached skill level 1 in Armour
  3513 | D:5      | Killed Edmund
  3622 | D:5      | Reached XP level 8. HP: 47/48 MP: 10/10
  3651 | D:5      | Reached skill level 11 in Ranged Weapons
  3706 | D:5      | Noticed a kobold demonologist
  3962 | D:5      | Noticed a smoke demon
  3971 | D:5      | Noticed an orange demon
  3972 | D:5      | Noticed a rust devil
  3974 | D:5      | Noticed an orange demon
  3974 | D:5      | Slain by an iron imp

Illustrated notes

Levels and vault maps discovered:
D:1:      dpeg_arrival_refuge, layout_rooms
D:2:      layout_basic, serial_shops, nicolae_shop_stone
D:3:      layout_basic, nicolae_uskayaw_murder_on_the_dancefloor,
          gammafunk_ghost_icy, nicolae_figureground_sparkle
D:4:      layout_rooms, uniq_menkaure, uniq_crazy_yiuf_cottage
D:5:      layout_cave_pools, minmay_divided_ellipse, uniq_edmund

Skill      XL: |  1  2  3  4  5  6  7  8 |
---------------+-------------------------+-----
Fighting       | 2 3 4 |  4.8
Ranged Weapons | 6 7 9 10 11 | 11.5
Armour         | 1 3 |  3.0
Dodging        | |  2.4
Stealth        | |  1.2

Action                     |  1- 3 |  4- 6 |  7- 9 || total
---------------------------+-------+-------+-------++-------
   Fire: Shortbow          |    73 |    36 |    65 ||   174
         Arbalest          |       |    23 |    61 ||    84
  Throw: Throwing net      |       |     2 |     4 ||     6
    Use: Potion            |       |       |     4 ||     4
 Armour: Leather armour    |     9 |    10 |     5 ||    24
         Ring mail         |       |       |    74 ||    74
  Dodge: Dodged            |    17 |    11 |    79 ||   107

Table legend: (Time is in decaauts)
 A = Elapsed time spent in this place.
 B = Non-inter-level travel time spent in this place.
 C = Inter-level travel time spent in this place.
 D = Time resting spent in this place.
 E = Time spent auto-exploring this place.
 F = Levels seen in this place.
 G = Mean time per level.
                   A        B        C        D        E       F      G
               +--------+--------+--------+--------+--------+-----+--------+
         Total |   4050 |   3781 |    269 |    515 |   2542 |   5 |  810.0 |
       Dungeon |   4050 |   3781 |    269 |    515 |   2542 |   5 |  810.0 |
               +--------+--------+--------+--------+--------+-----+--------+

Top non-repeatable levels by time:
     D:4: 1036 daAuts
     D:3: 994 daAuts
     D:2: 806 daAuts
     D:5: 742 daAuts
     D:1: 469 daAuts
